 Dungeon Crawl Stone Soup version 0.25-a0-44-g29a1220a87 (webtiles) character file.

Game seed: 11507610274834847610, levelgen mode: deterministic

28 Alarkh the Slasher (level 3, 29/29 HPs)
             Began as a Demonspawn Fighter on Oct 23, 2019.
             Got out of the dungeon alive.
             The game lasted 00:01:09 (976 turns).

Alarkh the Slasher (Demonspawn Fighter)              Turns: 976, Time: 00:01:10

Health: 29/29      AC:  6    Str: 16    XL:     3   Next: 0%
Magic:  3/3        EV:  6    Int: 14    God:
Gold:   92         SH:  8    Dex: 12    Spells: 2/2 levels left

rFire    . . .     SeeInvis .   a - +0 long sword
rCold    . . .     Gourm    .   c - +0 shield
rNeg     . . .     Faith    .   b - +0 scale mail
rPois    .         Spirit   .   (no helmet)
rElec    .         Reflect  .   (no cloak)
rCorr    .         Harm     .   (no gloves)
MR       .....                  (no boots)
Stlth    ..........             (no amulet)
HPRegen  0.09/turn              i - +4 ring of intelligence
MPRegen  0.08/turn              (no ring)

@: no status effects
A: claws 1, spiny 1
a: no special abilities


You escaped.
You were not hungry.

You visited 1 branch of the dungeon, and saw 2 of its levels.

You collected 92 gold pieces.

Inventory:

Hand Weapons
 a - a +0 long sword (weapon)
Armour
 b - a +0 scale mail (worn)
 c - a +0 shield (worn)
Jewellery
 i - a +4 ring of intelligence (left claw)
Scrolls
 e - a scroll of identify {unknown}
 g - a scroll of remove curse {unknown}
 h - a scroll of amnesia {unknown}
Potions
 d - a potion of might
 j - a potion of resistance
 k - a potion of curing {unknown}
Comestibles
 f - 3 rations
 l - 2 chunks of flesh


   Skills:
 - Level 3.0 Fighting
 + Level 3.2 Long Blades
 - Level 2.6 Armour
 - Level 2.6 Shields


You had 2 spell levels left.
You didn't know any spells.
Your spell library was empty.

Dungeon Overview and Level Annotations

Branches:
Dungeon (2/15)

Altars:

Annotations:
D:2 Terence


Innate Abilities, Weirdness & Mutations

You have sharp fingernails.
You are partially covered in sharp spines.


Message History

You see here a scroll labeled IWALLIS FUQE.
A giant cockroach is nearby!
You hit the giant cockroach.
You kill the giant cockroach!
You have reached level 3!
Your experience leads to an increase in your attributes!
Your base attributes are Str 16, Int 9, Dex 12.
Increase (S)trength, (I)ntelligence, or (D)exterity?
You feel clever.
You feel monstrous as your demonic heritage exerts itself.
Your demonic ancestry asserts itself...
Your fingernails lengthen.
You see here a datura-tipped dart.
You see here a +0 club.
You see here a +0 club.
There is an open gate here.
There is an open door here.
There is a staircase leading out of the dungeon here.
Are you sure you want to leave the Dungeon?
This will make you lose the game!
You have escaped!

##♣..............♣
....♣.♣#'''#♣♣...♣#
...♣♣###...###♣♣..#
..♣♣ #.......# ♣♣♣#
♣♣# #....8..####
#.......#..###
#.....8.'....#
#...⌠...#....#
+.8...8.#..@.#
#...8...#....#
##############


There were no monsters in sight!

Vanquished Creatures
  2 dart slugs
  3 bats (D:1)
  2 giant cockroaches
  6 goblins
  2 hobgoblins (D:1)
  3 kobolds (D:1)
  2 frilled lizards (D:2)
  2 rats (D:2)
22 creatures vanquished.

Notes
Turn   | Place    | Note
-------+----------+-------------------------------------------
     0 | D:1      | Alarkh the Demonspawn Fighter began the quest for the Orb.
     0 | D:1      | Reached XP level 1. HP: 18/18 MP: 1/1
   117 | D:1      | Gained mutation: You are partially covered in sharp spines.
                  | [demonic ancestry]
   117 | D:1      | Reached XP level 2. HP: 15/24 MP: 2/2
   409 | D:2      | Noticed Terence
   893 | D:1      | Gained mutation: You have sharp fingernails. [demonic
                  | ancestry]
   893 | D:1      | Reached XP level 3. HP: 29/29 MP: 3/3
   976 | D:$      | Got out of the dungeon alive.

Levels and vault maps discovered:
D:1:      sevenhm_arrival_forest_fort_large_2, layout_loops_ring,
          minmay_shallow_snake_nest
D:2:      layout_loops_cross, uniq_terence

Skill      XL: |  1  2 |
---------------+-------+-----
Long Blades    | 2 3 |  3.2
Fighting       | |  3.0
Armour         | |  2.6
Shields        | |  2.6

Action                   || total
-------------------------++-------
Melee: Long sword        ||    56
  Use: Potion            ||     1
Armor: Scale mail        ||    19
Dodge: Dodged            ||    11
Block: Shield            ||    30
       Rpst.: Long sword ||     3

Table legend:
 A = Non-vault XP
 B = Vault XP
 C = Vault XP percentage of total XP
 D = Non-vault monster count
 E = Vault monster count
 F = Vault count percentage of total count
                 A         B        C        D         E       F
            +---------+---------+-------+---------+---------+-------
      Total |      41 |       0 |   0.0 |      22 |       0 |   0.0
            +---------+---------+-------+---------+---------+-------
        D:1 |      27 |       0 |   0.0 |      14 |       0 |   0.0
        D:2 |      14 |       0 |   0.0 |       8 |       0 |   0.0
            +---------+---------+-------+---------+---------+-------
